 Dungeon Crawl Stone Soup version 0.29-a0-375-g5102b3be25 (webtiles) character file.

Game seed: 7901657072555101094

579 HendSelp the Slasher (level 7, -5/44 HPs)
             Began as a Tengu Monk on May 3, 2022.
             Slain by a bullfrog (6 damage)
             ... on level 6 of the Dungeon.
             The game lasted 00:04:53 (4345 turns).

HendSelp the Slasher (Tengu Monk)                   Turns: 4345, Time: 00:04:53

Health: -5/44      AC:  2    Str: 11    XL:     7   Next: 36%
Magic:  8/8        EV: 17    Int: 10    God:
Gold:   244        SH:  0    Dex: 19    Spells: 6/6 levels left

rFire   . . .      SeeInvis .   a - +0 falchion
rCold   . . .      Faith    .   (no shield)
rNeg    . . .      Spirit   .   b - +0 robe
rPois   .          Reflect  .   (helmet restricted)
rElec   .          Harm     .   (no cloak)
rCorr   .          Rampage  .   (no gloves)
Will    +....                   (boots unavailable)
Stlth   ++........              (no amulet)
HPRegen 0.14/turn               e - +4 ring of slaying
MPRegen 0.11/turn               k - ring of willpower

@: flying quickly and evasively, quick
A: beak, talons 3, nimble flight
a: no special abilities


You were on level 6 of the Dungeon.
You visited 1 branch of the dungeon, and saw 6 of its levels.

You collected 244 gold pieces.

Inventory:

Hand Weapons
 a - a +0 falchion (weapon)
Armour
 b - a +0 robe (worn)
Jewellery
 e - a +4 ring of slaying (left hand)
 j - a ring of protection from fire
 k - a ring of willpower (right hand)
 o - a +4 ring of evasion
 s - an amulet of the acrobat
Wands
 l - a wand of acid (6)
Scrolls
 h - a scroll of magic mapping
 p - a scroll of identify
 q - a scroll of enchant armour {unknown}
 r - a scroll of noise {unknown}
Potions
 c - a potion of ambrosia
 d - 2 potions of curing {unknown}
 f - 2 potions of lignification
 g - 3 potions of brilliance
 i - a potion of berserk rage {unknown}
 m - a potion of attraction {unknown}
 n - 4 potions of heal wounds {unknown}


   Skills:
 + Level 4.5 Fighting
 + Level 7.4 Long Blades
 + Level 4.7 Dodging
 - Level 2.0 Stealth


You had 6 spell levels left.
You didn't know any spells.
Your spell library contained the following spells:

 Spells                   Type           Power      Damage    Failure   Level
 Foxfire                  Conj/Fire      0%         2x1d4     36%         1
 Static Discharge         Conj/Air       0%         N/A       50%         2
 Conjure Flame            Conj/Fire      0%         6-21      75%         3
 Ignite Poison            Fire/Tmut/Pois 0%         N/A       75%         3
 Airstrike                Air            0%         N/A       98%         4
 Sticky Flame             Conj/Fire      0%         2d3       98%         4


Dungeon Overview and Level Annotations

Branches:
Dungeon (7/15)             Temple (0/1) D:4

Altars:
Dithmenos
Elyvilon
Okawaru
Ru


Innate Abilities, Weirdness & Mutations

You have a beak for a mouth.
You have claws for feet.
Your magical nature lets you fly swiftly and evasively.


Message History

Unknown command.
Unknown command.
Unknown command.
Unknown command.
Unknown command.
Unknown command.
You feel less invigorated.
You feel less confused.
Unknown command.
Unknown command.
The bullfrog completely misses you.
Unknown command.
Unknown command.
You slash the bullfrog!
The bullfrog is moderately wounded.
The bullfrog completely misses you. The bullfrog hits you!
* * * LOW HITPOINT WARNING * * *
Unknown command.
You hit the bullfrog. Your kick misses the bullfrog.
The bullfrog is heavily wounded.
The bullfrog hits you!
* * * LOW HITPOINT WARNING * * *
The black bear rages.
Unknown command.
Unknown command.
You hit the bullfrog. You claw the bullfrog. Your peck misses the bullfrog.
The bullfrog is severely wounded.
The bullfrog hits you.
* * * LOW HITPOINT WARNING * * *
The bullfrog completely misses you.
Unknown command.
Unknown command.
Unknown command.
Unknown command.
Unknown command.
Unknown command.
You miss the bullfrog. Your peck misses the bullfrog.
The bullfrog is severely wounded.
The bullfrog hits you.
You die...

######.#
#...... # #.#
..# ..
#.###.######...
#..............
#.#..≈§≈≈≈≈≈≈≈.
#.##.≈.......≈.
#.##.≈.≈≈≈≈≈.≈.
#.##@§.≈h..≈.≈.
#.##F§§≈._.≈§§.
#.##.§§≈...≈§≈.
#.##.≈.≈≈≈≈.§§.
#.##.§.§§§§..≈.
#.##.§≈§≈§§§§≈.
...#.§.§§§.....
##..§....


You could see a black bear (berserk) and a bullfrog.

Vanquished Creatures
  Sigmund (D:4)
  An ogre (D:4)
  A necrophage (D:3)
  A scorpion (D:4)
  Natasha (thrice) (D:4)
  Robin (D:4)
  2 gnolls (D:7)
  3 adders
  3 dart slugs
  4 orcs (D:4)
  5 endoplasms
  5 giant cockroaches
  6 goblins
  11 hobgoblins
  7 quokkas
  7 ball pythons
  2 bats (D:2)
  5 frilled lizards
  5 kobolds
  11 rats
84 creatures vanquished.

Notes
Turn   | Place    | Note
-------+----------+-------------------------------------------
     0 | D:1      | HendSelp the Tengu Monk began the quest for the Orb.
     0 | D:1      | Reached XP level 1. HP: 14/14 MP: 2/2
    93 | D:1      | Reached XP level 2. HP: 19/19 MP: 3/3
   361 | D:1      | Reached XP level 3. HP: 23/23 MP: 4/4
   617 | D:1      | Reached skill level 4 in Long Blades
   709 | D:2      | Got the Grimoire of Aerial Combat Magic
  1061 | D:2      | Reached XP level 4. HP: 10/28 MP: 5/5
  1958 | D:3      | Noticed a necrophage
  1963 | D:3      | Killed a necrophage
  1964 | D:3      | Reached skill level 5 in Long Blades
  1964 | D:3      | Gained mutation: Your magical nature lets you fly swiftly
                  | and evasively. [Tengu growth]
  1964 | D:3      | Reached XP level 5. HP: 32/33 MP: 6/6
  2125 | D:3      | Found a faded altar of an unknown god.
  2267 | D:3      | Found a shadowy altar of Dithmenos.
  2541 | D:4      | Found a sacrificial altar of Ru.
  2550 | D:4      | Noticed Sigmund
  2558 | D:4      | Killed Sigmund
  2559 | D:4      | Reached skill level 6 in Long Blades
  2559 | D:4      | Reached XP level 6. HP: 33/38 MP: 7/7
  2603 | D:4      | Noticed Robin
  2613 | D:4      | Killed Robin
  2697 | D:4      | Noticed Natasha
  2702 | D:4      | Killed Natasha
  2746 | D:4      | Reached skill level 7 in Long Blades
  2746 | D:4      | Reached XP level 7. HP: 31/44 MP: 8/8
  3125 | D:4      | Noticed Natasha
  3130 | D:4      | Killed Natasha
  3575 | D:4      | Found an iron altar of Okawaru.
  3579 | D:4      | Noticed Natasha
  3584 | D:4      | Killed Natasha
  3598 | D:4      | Found a staircase to the Ecumenical Temple.
  3879 | D:4      | You are sucked into a shaft and drop 3 floors!
  4325 | D:6      | Found a white marble altar of Elyvilon.
  4334 | D:6      | HP: 1/44 [black bear (5)]
  4344 | D:6      | HP: 1/44 [bullfrog (6)]
  4345 | D:6      | Slain by a bullfrog

Illustrated notes

Levels and vault maps discovered:
D:1:      dpeg_arrival_rhombus, layout_basic
D:2:      layout_basic, minmay_pentomino_u4
D:3:      layout_basic, mainiacjoe_overflow_six_doors_small,
          hellmonk_ecumenical_altar_leap_of_faith
D:4:      minmay_recursive_quarters, layout_basic, nicolae_ru_path_of_blood,
          okawaru_trees_2, minmay_temple_entry_arrows, uniq_robin, uniq_sigmund,
          uniq_natasha
D:6:      minmay_chambers_of_fours, layout_loops_ring, fiery_altar_vehumet,
          mainiacjoe_overflow_concentric_impassable, zin_statuary,
          uniq_menkaure, uniq_edmund
D:7:      layout_cave_pods, nemelex_dance_club_becter, minivault_27,
          minmay_between

Skill      XL: |  1  2  3  4  5  6 |
---------------+-------------------+-----
Long Blades    | 4 5 6 7 |  7.4
Dodging        | 4 |  4.7
Fighting       | 4 |  4.5
Stealth        | |  2.0

Action                   |  1- 3 |  4- 6 |  7- 9 || total
-------------------------+-------+-------+-------++-------
Melee: Falchion          |    69 |    45 |    35 ||   149
       Kick              |     9 |    17 |     4 ||    30
       Peck              |    11 |     7 |     5 ||    23
       Punch             |       |     1 |       ||     1
Evoke: Wand              |       |       |     2 ||     2
  Use: Scroll            |     3 |     3 |       ||     6
       Potion            |     1 |       |     1 ||     2
 Stab: Sleeping          |     9 |     3 |     3 ||    15
Armor: Robe              |     8 |     3 |     2 ||    13
       Skin              |     1 |       |       ||     1
Dodge: Dodged            |    37 |    21 |    27 ||    85

Table legend: (Time is in decaauts)
 A = Elapsed time spent in this place.
 B = Non-inter-level travel time spent in this place.
 C = Inter-level travel time spent in this place.
 D = Time resting spent in this place.
 E = Time spent auto-exploring this place.
 F = Levels seen in this place.
 G = Mean time per level.
                   A        B        C        D        E       F      G
               +--------+--------+--------+--------+--------+-----+--------+
         Total |   4186 |   4147 |     39 |    482 |   3072 |   6 |  697.7 |
       Dungeon |   4186 |   4147 |     39 |    482 |   3072 |   6 |  697.7 |
               +--------+--------+--------+--------+--------+-----+--------+

Top non-repeatable levels by time:
     D:4: 1255 daAuts
     D:2: 1046 daAuts
     D:3: 775 daAuts
     D:1: 672 daAuts
     D:7: 414 daAuts
     D:6: 22 daAuts
